 Dungeon Crawl Stone Soup version 0.29.1-15-g9cfb28693d (webtiles) character file.

Game seed: 12621143546179707777

533 DoomGuy the Chopper (level 7, -7/76 (81) HPs)
             Began as a Human Berserker on Mar 29, 2023.
             Was a Believer of Trog.
             Mangled by Duvessa
             ... wielding a +4 rapier of speed
              (21 damage)
             ... on level 5 of the Dungeon.
             The game lasted 00:08:23 (2285 turns).

DoomGuy the Chopper (Human Berserker)               Turns: 2285, Time: 00:08:31

HP:   -7/76 (81)    AC:  9    Str: 17    XL:     7   Next: 49%
MP:   7/7           EV: 14    Int: 10    God:    Trog [**....]
Gold: 128           SH:  0    Dex: 12    Spells: 6/6 levels left

rFire   . . .      SeeInvis .   r - +0 war axe
rCold   . . .      Faith    .   (no shield)
rNeg    . . .      Spirit   .   q - +0 scale mail
rPois   .          Reflect  .   (no helmet)
rElec   .          Harm     .   (no cloak)
rCorr   .          Rampage  .   c - +2 pair of gloves {hurl}
Will    .....                   (no boots)
Stlth   ..........              (no amulet)
HPRegen 0.22/turn               g - +4 ring of evasion
MPRegen 0.10/turn               (no ring)

@: berserking (expiring), drained, very quick
A: no striking features
a: Renounce Religion, Berserk, Trog's Hand


You were on level 5 of the Dungeon.
You worshipped Trog.
Trog was pleased with you.
You visited 1 branch of the dungeon, and saw 5 of its levels.
You also visited: Ossuary.

You collected 128 gold pieces.

Inventory:

Hand Weapons
 a - a +1 hand axe
 r - a +0 war axe (weapon)
Missiles
 d - 9 poisoned darts (quivered)
Armour
 b - a +0 animal skin
 c - a +2 pair of gloves of hurling (worn)
 q - a +0 scale mail (worn)
Jewellery
 g - a +4 ring of evasion (left hand)
Scrolls
 e - a scroll of fear {unknown}
 j - 2 scrolls of enchant armour {unknown}
 l - 2 scrolls of identify {unknown}
 m - 2 scrolls of summoning {unknown}
Potions
 f - 4 potions of heal wounds {unknown}
 h - 3 potions of degeneration {unknown}
 i - 2 potions of curing {unknown}
 k - a potion of resistance {unknown}
 n - a potion of flight {unknown}
 p - a potion of lignification {unknown}
Miscellaneous
 o - a box of beasts


   Skills:
 * Level 4.1 Fighting
 * Level 5.6 Axes
 * Level 1.8 Throwing
 * Level 2.9 Armour
 * Level 2.9 Dodging
 * Level 2.3 Stealth
 * Level 1.1 Evocations


You had 6 spell levels left.
You didn't know any spells.
Your spell library was empty.

Dungeon Overview and Level Annotations

Branches:
Dungeon (5/15)            Ossuary (visited)
 Temple: D:4-7

Altars:

Shops:
D:5 =

Annotations:
D:5 Duvessa


Message History

The puff of flame hits you but does no damage.
Duvessa, Sister of Dowan comes into view.
She is wielding a +4 rapier of speed.
Dowan casts a spell at something.
Duvessa says, "When magic and the sword combine, nothing stands against them."
A red film seems to cover your vision as you go berserk!
You feel yourself moving faster!
You feel mighty!
You hit Duvessa.
Duvessa is lightly wounded.
Duvessa closely misses you. Dowan completely misses you.
Duvessa hits you but does no damage.
You slash Dowan!
Dowan is severely wounded.
You closely miss Duvessa.
Duvessa hits you with a +4 rapier of speed.
Duvessa closely misses you. Dowan hits you with a +0 dagger.
You barely miss Dowan.
Dowan is severely wounded.
You barely miss Duvessa. Duvessa closely misses you. Duvessa barely misses you.
Dowan misses you.
You barely miss Dowan.
Dowan is severely wounded.
You hit Duvessa.
Duvessa hits you with a +4 rapier of speed!
Duvessa hits you but does no damage.
You hit Dowan.
Dowan is almost dead.
You slash Duvessa!
Duvessa says, "My weaknesses are his strengths!"
Duvessa hits you with a +4 rapier of speed.
Dowan hits you with a +0 dagger.
Duvessa hits you with a +4 rapier of speed!
* * * LOW HITPOINT WARNING * * *
You slice Dowan!!
You kill Dowan!
Trog accepts your kill.
Trog appreciates your killing of a magic user.
Duvessa screams in rage.
Duvessa goes berserk!
You hit Duvessa.
Duvessa hits you with a +4 rapier of speed!!
You die...

# #..#
#.....#...#
#....###
#.#### #.#
#.# #.# #.#
########e#
......)@.#
##...##..#
#.. #..# .
#..>........
##...#######
#.....
#......
......#..
P...... .#


You could see Duvessa (berserk, fast).

Vanquished Creatures
  Edmund (D:5)
  An ogre (D:4)
  A water moccasin zombie (Ossuary)
  A scorpion (D:5)
  Dowan (D:5)
  A howler monkey (D:4)
  A hound (D:4)
  An iguana (D:4)
  2 mummies (Ossuary)
  3 adders
  A white imp (D:5)
  4 adder zombies (Ossuary)
  3 orcs (D:3)
  2 ball pythons
  4 endoplasms
  2 giant cockroaches
  4 gnoll zombies (Ossuary)
  5 hobgoblins
  A kobold (D:4)
  5 quokkas
  2 frilled lizards (D:2)
  6 goblins
  2 hobgoblin zombies
  A jackal zombie (D:4)
  8 kobold zombies (Ossuary)
  6 orc zombies (Ossuary)
  2 rats
71 creatures vanquished.

Notes
Turn   | Place    | Note
-------+----------+-------------------------------------------
     0 | D:1      | DoomGuy the Human Berserker began the quest for the Orb.
     0 | D:1      | Reached XP level 1. HP: 18/18 MP: 1/1
   137 | D:2      | Reached XP level 2. HP: 17/24 MP: 2/2
   183 | D:2      | Reached XP level 3. HP: 18/29 MP: 3/3
   294 | D:2      | Reached skill level 1 in Stealth
   442 | D:3      | Reached ** piety under Trog
   514 | D:4      | Found a sand-covered staircase.
   526 | D:4      | Reached XP level 4. HP: 29/35 MP: 4/4
   546 | Ossuary  | Entered an ossuary
   683 | Ossuary  | Reached skill level 1 in Throwing
   696 | Ossuary  | Reached skill level 4 in Axes
   696 | Ossuary  | Reached XP level 5. HP: 10/42 MP: 5/5
  1108 | D:4      | Reached XP level 6. HP: 32/48 MP: 6/6
  1833 | D:4      | Noticed an ogre
  1841 | D:4      | Killed an ogre
  1842 | D:4      | Reached skill level 5 in Axes
  2100 | D:5      | Entered Level 5 of the Dungeon
  2113 | D:5      | Reached XP level 7. HP: 42/54 MP: 7/7
  2120 | D:5      | Noticed Edmund
  2133 | D:5      | Killed Edmund
  2134 | D:5      | Reached skill level 1 in Evocations
  2190 | D:5      | Found Jifofollel's Jewellery Emporium.
  2272 | D:5      | Noticed Dowan
  2273 | D:5      | Noticed Duvessa
  2285 | D:5      | Killed Dowan
  2285 | D:5      | Mangled by Duvessa

Illustrated notes

Levels and vault maps discovered:
D:1:      minmay_arrival_checkered_box, layout_rooms,
          dreamdust_ecumenical_altar_grove, minmay_misc_feat_square,
          minmay_quantized
D:2:      layout_loops_cross, uniq_terence, uniq_natasha
D:3:      layout_rooms, gammafunk_ghost_smash, guppyfry_early_orc_mine,
          uniq_grinder
D:4:      layout_basic, enter_ossuary_3
D:5:      layout_loops_ring, tso_oasis_becter, portal_sewer_entry_e,
          serial_shops, shop, grunt_ministairs_7, serial_bayou_ford_a,
          uniq_edmund, uniq_duvessa, uniq_ijyb

Skill      XL: |  1  2  3  4  5  6  7 |
---------------+----------------------+-----
Stealth        | 1 2 |  2.3
Throwing       | 1 |  1.8
Axes           | 4 5 |  5.6
Fighting       | 4 |  4.1
Evocations     | 1 |  1.1
Armour         | |  2.9
Dodging        | |  2.9

Action                   |  1- 3 |  4- 6 |  7- 9 || total
-------------------------+-------+-------+-------++-------
Melee: Hand axe          |    75 |   115 |       ||   190
       Punch             |       |     1 |       ||     1
       War axe           |       |    15 |    25 ||    40
Throw: Dart              |     6 |     2 |       ||     8
Invok: Berserk           |     1 |     2 |     2 ||     5
  Use: Scroll            |     4 |       |       ||     4
 Stab: Sleeping          |       |     3 |       ||     3
Armor: Animal skin       |    19 |    17 |       ||    36
       Scale mail        |       |    12 |     5 ||    17
Dodge: Dodged            |    64 |   100 |    19 ||   183
